AoeStats
← kV0t3

Arabia

509480775Analyzed
1v1 RM · 4d ago on Sep 26, 2026· 25m 7s· 2 players
Game mode
Random Map
Map size
Tiny (2 player)
Population
200
Speed
Normal
Resources
Standard
Victory
Conquest
Starting age
Dark Age
Ending age
Imperial Age
RankedLock teamsTeams togetherTeam positionsShared explorationLock speedFull tech treeHidden civsTurbo modeCheats
Victory
Defeat
🇦🇷 Huns · Argentina
1272
+14
🇦🇷 Khmer · Argentina
1237
-14
Joa_aoe
5:44 Loom
8:25 Feudal Age
8:56 Double-Bit Axe
17:21 Fletching
21:43 Wheelbarrow
25:29 Castle Age
25:51 Bloodlines
kV0t3
6:37 Loom
6:43 Loom
9:20 Feudal Age
9:31 Man-at-Arms
13:40 Double-Bit Axe
17:25 Town Watch
18:08 Fletching
22:22 Castle Age
24:41 Scale Barding Armor
24:56 Bow Saw
Connection lost

Rejoining the realm…

Still unreachable

The connection could not be restored.

Session expired

The server has moved on; the page needs a fresh start.